 Dungeon Crawl Stone Soup version 0.29-a0-664-gff9cad4a3d (webtiles) character file.

Game seed: 2998825582118499513

4225 happo123 the Zephyrmancer (level 10, -1/58 HPs)
             Began as a Tengu Air Elementalist on June 22, 2022.
             Was a Follower of Vehumet.
             Slain by a polar bear (3 damage)
             ... while paralysed by a hornet
             ... on level 8 of the Dungeon.
             The game lasted 00:57:33 (6666 turns).

happo123 the Zephyrmancer (Tengu Air Elementalist)  Turns: 6666, Time: 00:57:35

Health: -1/58      AC:  5    Str:  8    XL:     10   Next: 30%
Magic:  0/18       EV:  2    Int: 19    God:    Vehumet [*.....]
Gold:   381        SH:  0    Dex: 16    Spells: 4/18 levels left

rFire   . . .      SeeInvis .   l - +0 arbalest
rCold   . . .      Faith    .   (shield currently unavailable)
rNeg    + . .      Spirit   .   O - +1 robe {rN+}
rPois   .          Reflect  .   (helmet restricted)
rElec   .          Harm     .   p - +0 cloak
rCorr   +          Rampage  .   v - +0 pair of gloves
Will    .....                   (boots unavailable)
Stlth   +++.......              y - amulet of the acrobat
HPRegen 0.19/turn               z - ring of resist corrosion
MPRegen 0.16/turn               (no ring)

@: paralysed, lethally poisoned (-1 -> -5), swift, flying quickly and evasively,
slowed, very quick
A: beak, talons 3, nimble flight
a: Renounce Religion


You were on level 8 of the Dungeon.
You worshipped Vehumet.
Vehumet was aware of your devotion.
You visited 2 branches of the dungeon, and saw 9 of its levels.

You collected 381 gold pieces.

Inventory:

Hand Weapons
 e - a +0 dagger
 l - a +0 arbalest (weapon)
 o - a +3 hand axe of flaming
 w - a +2 dagger of speed
 K - a +2 flail of holy wrath
Armour
 a - a +0 robe
 p - a +0 cloak (worn)
 v - a +0 pair of gloves (worn)
 B - a +0 leather armour
 M - +0 ice dragon scales
 O - a +1 robe of positive energy (worn)
Jewellery
 d - an amulet of magic regeneration
 y - an amulet of the acrobat (around neck)
 z - a ring of resist corrosion (left hand)
Wands
 x - a wand of mindburst (11)
 D - a wand of paralysis (17)
 I - a wand of flame (14)
 L - a wand of quicksilver (7)
 N - a wand of polymorph (5)
Scrolls
 c - 4 scrolls of blinking
 f - 2 scrolls of enchant armour
 m - 2 scrolls of fear
 r - 2 scrolls of fog
 s - a scroll of enchant weapon {unknown}
 t - 2 scrolls of silence
 A - a scroll of immolation
 C - 2 scrolls of teleportation
 E - 2 scrolls of noise
 H - a scroll of magic mapping
Potions
 b - 2 potions of magic
 g - 2 potions of curing {unknown}
 h - a potion of haste
 i - 6 potions of might {unknown}
 j - 5 potions of heal wounds
 k - 2 potions of brilliance
 n - a potion of flight {unknown}
 q - 3 potions of mutation
 u - 2 potions of attraction {unknown}
 F - 2 potions of ambrosia {unknown}
 G - a potion of degeneration {unknown}
 J - a potion of cancellation {unknown}


   Skills:
 + Level 4.5 Fighting
 + Level 4.3 Crossbows
 + Level 2.3 Armour
 + Level 5.5 Dodging
 + Level 5.4 Stealth
 + Level 4.7 Spellcasting
 * Level 8.8 Conjurations
 * Level 2.4 Hexes
 * Level 9.6 Air Magic


You had 4 spell levels left.
You knew the following spells:

 Your Spells              Type           Power      Damage    Failure   Level
a - Shock                 Conj/Air       100%       1d9       1%          1
b - Static Discharge      Conj/Air       39%        N/A       1%          2
c - Swiftness             Air            41%        N/A       1%          3
d - Airstrike             Air            20%        N/A       2%          4
e - Fulminant Prism       Conj/Hex       12%        3d9       12%         4

Your spell library contained the following spells:

 Spells                   Type           Power      Damage    Failure   Level
 Sandblast                Erth           8%         2d5       13%         1
 Magic Dart               Conj           100%       1d8       1%          1
 Searing Ray              Conj           76%        2d7       1%          2
 Tukima's Dance           Hex            13%        N/A       14%         3
 Portal Projectile        Hex/Tloc       18%        N/A       24%         3
 Olgreb's Toxic Radiance  Pois           4%         N/A       77%         4
 Blade Hands              Tmut           2%         N/A       98%         5
 Ozocubu's Refrigeration  Ice            2%         4d5       100%        7
 Ignition                 Fire           2%         3d3       100%        8


Dungeon Overview and Level Annotations

Branches:
Dungeon (8/15)             Temple (1/1) D:6
   Lair: D:8-11

Altars:
Ashenzari
Dithmenos
Elyvilon
Fedhas
Hepliaklqana
Kikubaaqudgha
Makhleb
Nemelex Xobeh
Okawaru
Qazlal
Ru
Sif Muna
Uskayaw
Vehumet
Wu Jian
Xom
Zin
The Shining One

Shops:
D:6 ((   D:7 *


Innate Abilities, Weirdness & Mutations

You have a beak for a mouth.
You have claws for feet.
Your magical nature lets you fly swiftly and evasively.


Message History

The polar bear is moderately wounded.
The hornet buzzes angrily.
You hear a shout! x4
Casting: Airstrike (dangerous; 2% risk of failure)
Confirm with . or Enter, or press ? or * to list all spells.
Aiming: Airstrike (dangerous; 2% risk of failure)
Press: ? - help, Dir - move target, f/p - polar bear
Aim: a polar bear (moderately wounded, empty space bonus: 8/8)
The air twists around and strikes the polar bear!
The polar bear is heavily wounded.
Casting: Airstrike (dangerous; 2% risk of failure)
Confirm with . or Enter, or press ? or * to list all spells.
Aiming: Shock (safe; 1% risk of failure)
Press: ? - help, Shift-Dir - straight line, f/p - polar bear
Aim: a polar bear (heavily wounded, 81% to hit)
The zap hits the polar bear.
The polar bear is severely wounded.
The zap hits the hornet!
The hornet is moderately wounded.
The hornet stings you!
You are poisoned.
You feel yourself slow down.
Casting: Shock (safe; 1% risk of failure)
Confirm with . or Enter, or press ? or * to list all spells.
You feel quick.
You feel yourself speed up.
You feel very sick. The hornet closely misses you. The hornet stings you.
You feel yourself slow down.
You feel yourself speed up.
You feel sick. The hornet barely misses you.
The hornet attacks as you move away! The hornet stings you!
You suddenly lose the ability to move!
You feel sick.
You feel sick. The hornet stings you!
* * * LOW HITPOINT WARNING * * *
You feel yourself slow down. The polar bear bites you!
* * * LOW HITPOINT WARNING * * *
The polar bear claws you.
* * * LOW HITPOINT WARNING * * *
The polar bear claws you.
You die...

..#.........#........#.........#
..#.......[['........#.........#
..#.........#........+.........#
..#.........#.[.######.........##
##############<.#.........###'#..
#########....####.........#...#..
.+......#.................#...#).
.#......'........h........#...)..
.#......#.......@y........#...#..
##+.##+##.................#####..
.............###########+##....##
.............+............'....#
.............#............#....#
...8.........#............#...>#
........)....#............#....#
.............######._8_...#....##
.........###.#...##.....#.#####..


You could see a polar bear and a hornet.

Vanquished Creatures
  A hornet (D:8)
  Prince Ribbit (D:7)
  A wyvern (D:4)
  Edmund (D:6)
  2 water moccasins (D:6)
  4 ice beasts
  A black bear (D:4)
  A sky beast (D:8)
  4 phantoms
  3 bullfrogs
  3 scorpions
  9 wights
  11 killer bees
  3 howler monkeys (D:8)
  6 hounds
  2 orc priests
  2 jellies
  3 gnoll shamans
  Natasha (thrice) (D:3)
  4 iguanas
  Terence (D:3)
  4 orc wizards
  12 gnolls
  10 adders
  5 white imps
  2 ufetubi
  A worm (D:3)
  A dart slug (D:4)
  33 orcs
  6 endoplasms
  5 giant cockroaches
  6 goblins
  6 hobgoblins
  4 quokkas
  8 ball pythons
  9 bats
  3 frilled lizards
  6 kobolds
  3 rats
190 creatures vanquished.

Vanquished Creatures (others)
  A fulminant prism (D:8)
1 creature vanquished.

Grand Total: 191 creatures vanquished

Notes
Turn   | Place    | Note
-------+----------+-------------------------------------------
     0 | D:1      | happo123 the Tengu Air Elementalist began the quest for the
                  | Orb.
     0 | D:1      | Reached XP level 1. HP: 10/10 MP: 4/4
   209 | D:1      | Reached XP level 2. HP: 6/15 MP: 0/6
   213 | D:1      | Learned a level 2 spell: Static Discharge
   438 | D:1      | Reached XP level 3. HP: 7/20 MP: 4/7
   442 | D:1      | Learned a level 3 spell: Swiftness
   761 | D:1      | Found a faded altar of an unknown god.
  1337 | D:2      | Reached XP level 4. HP: 14/24 MP: 2/8
  1418 | D:2      | Reached skill level 1 in Fighting
  1984 | D:3      | Reached skill level 5 in Air Magic
  1991 | D:3      | Gained mutation: Your magical nature lets you fly swiftly
                  | and evasively. [Tengu growth]
  1991 | D:3      | Reached XP level 5. HP: 16/29 MP: 2/9
  2101 | D:3      | Noticed Natasha
  2111 | D:3      | Killed Natasha
  2308 | D:3      | Noticed Natasha
  2314 | D:3      | Killed Natasha
  2563 | D:3      | Noticed Terence
  2571 | D:3      | Killed Terence
  2572 | D:3      | Reached XP level 6. HP: 26/35 MP: 4/11
  2577 | D:3      | Learned a level 4 spell: Airstrike
  2902 | D:3      | Noticed Natasha
  2904 | D:3      | Killed Natasha
  3025 | D:4      | Noticed a wyvern
  3042 | D:4      | Reached skill level 6 in Air Magic
  3042 | D:4      | Killed a wyvern
  3043 | D:4      | Reached skill level 1 in Crossbows
  3043 | D:4      | Reached skill level 5 in Conjurations
  3043 | D:4      | Reached XP level 7. HP: 36/40 MP: 2/12
  3701 | D:5      | Entered Level 5 of the Dungeon
  3723 | D:5      | Reached XP level 8. HP: 25/45 MP: 5/13
  3785 | D:5      | Reached skill level 7 in Air Magic
  4590 | D:5      | Reached skill level 8 in Air Magic
  4701 | D:6      | Reached XP level 9. HP: 51/51 MP: 10/15
  4709 | D:6      | Found Roint's Weapon Shoppe.
  4736 | D:6      | Found Wapof's Weapon Emporium.
  4800 | D:6      | Found a staircase to the Ecumenical Temple.
  4814 | Temple   | Entered the Ecumenical Temple
  4866 | Temple   | Became a worshipper of Vehumet
  5074 | D:6      | Learned a level 4 spell: Fulminant Prism
  5130 | D:6      | Noticed Edmund
  5135 | D:6      | Killed Edmund
  5277 | D:7      | Found Fist's General Store.
  5379 | D:7      | Noticed Prince Ribbit
  5383 | D:7      | Killed Prince Ribbit
  5384 | D:7      | Reached skill level 1 in Hexes
  5468 | D:7      | Reached skill level 5 in Dodging
  5500 | D:7      | Reached skill level 1 in Armour
  5500 | D:7      | Reached skill level 5 in Stealth
  5513 | D:7      | Reached * piety under Vehumet
  5513 | D:7      | Offered knowledge of Sandblast by Vehumet.
  5643 | D:7      | Reached skill level 9 in Air Magic
  6089 | D:8      | Reached XP level 10. HP: 50/57 MP: 8/17
  6511 | D:8      | Found a sacrificial altar of Ru.
  6549 | D:8      | Found a glowing golden altar of the Shining One.
  6549 | D:8      | Found a glowing silver altar of Zin.
  6665 | D:8      | Paralysed by a hornet for 2 turns
  6666 | D:8      | HP: 2/58 [polar bear (3)]
  6666 | D:8      | Slain by a polar bear

Illustrated notes

Levels and vault maps discovered:
D:1:      scummos_arrival_simple_fountains, layout_basic,
          ebering_ecumenical_altar_hall
D:2:      wander_river, layout_basic
D:3:      layout_basic, serial_aquarium, aquarium_bridge_long_joined
          [aquarium_subvault_bridge, aquarium_subvault_wall,
          aquarium_subvault_balcony, aquarium_subvault_bridge,
          aquarium_subvault_wall, aquarium_subvault_window],
          aquarium_window_fake, aquarium_window_1, aquarium_view_2d,
          uniq_natasha, uniq_terence
D:4:      layout_gridville, minmay_misc_feat_diagonals
D:5:      minmay_bubble_buster, layout_basic
D:6:      layout_rooms, temple_fountains, serial_shops,
          nicolae_shop_bloodbath_and_beyond, shop, uniq_edmund
D:7:      layout_cave_pools, nicolae_take_the_stairs, uniq_prince_ribbit1
D:8:      layout_gridville, kennysheep_mini, mainiacjoe_overflow_brackets,
          chequers_temple_overflow_statue_of_worship, special_room
          [special_room_kobold], serial_ice, serial_ice_h, serial_ice_n,
          serial_ice_e, serial_ice_i, serial_ice_f
Temple:   bh_familiar_temple

Skill      XL: |  1  2  3  4  5  6  7  8  9 10 |
---------------+-------------------------------+-----
Conjurations   | 2 3 4 5 7 8 |  8.8
Fighting       | 1 2 3 4 |  4.5
Air Magic      | 5 6 8 9 |  9.6
Dodging        | 3 4 5 |  5.5
Stealth        | 3 4 5 |  5.4
Crossbows      | 1 3 4 |  4.3
Spellcasting   | 3 4 |  4.7
Hexes          | 2 |  2.4
Armour         | 1 2 |  2.3

Action                   |  1- 3 |  4- 6 |  7- 9 | 10-12 || total
-------------------------+-------+-------+-------+-------++-------
Melee: Unarmed           |     4 |       |       |       ||     4
       Kick              |     5 |     2 |     3 |     4 ||    14
       Dagger            |    21 |     7 |       |       ||    28
       Peck              |     4 |     2 |     1 |     3 ||    10
       Hand axe          |       |    10 |    11 |    12 ||    33
       Punch             |       |     1 |       |       ||     1
 Fire: Arbalest          |       |    40 |    97 |    13 ||   150
 Cast: Shock             |    40 |    18 |    67 |     7 ||   132
       Static Discharge  |     4 |    16 |    56 |    16 ||    92
       Airstrike         |       |     3 |    14 |     8 ||    25
       Swiftness         |       |       |       |     2 ||     2
       Fulminant Prism   |       |       |       |     1 ||     1
  Use: Scroll            |       |     1 |    10 |     1 ||    12
 Stab: Sleeping          |     2 |       |       |       ||     2
Armor: Robe              |    13 |     7 |     6 |       ||    26
       Leather armour    |       |       |     7 |     3 ||    10
Dodge: Dodged            |    42 |    32 |    72 |    47 ||   193

Table legend: (Time is in decaauts)
 A = Elapsed time spent in this place.
 B = Non-inter-level travel time spent in this place.
 C = Inter-level travel time spent in this place.
 D = Time resting spent in this place.
 E = Time spent auto-exploring this place.
 F = Levels seen in this place.
 G = Mean time per level.
                   A        B        C        D        E       F      G
               +--------+--------+--------+--------+--------+-----+--------+
         Total |   6535 |   4103 |   2432 |   1236 |   1377 |   9 |  726.1 |
       Dungeon |   6366 |   3950 |   2416 |   1236 |   1226 |   8 |  795.8 |
        Temple |    169 |    154 |     15 |      0 |    150 |   1 |  169.0 |
               +--------+--------+--------+--------+--------+-----+--------+

Top non-repeatable levels by time:
     D:1: 1080 daAuts
     D:3: 1060 daAuts
     D:5: 936 daAuts
     D:7: 836 daAuts
     D:2: 825 daAuts
     D:4: 724 daAuts
     D:8: 516 daAuts
     D:6: 385 daAuts
  Temple: 169 daAuts
